 Dungeon Crawl Stone Soup version 0.19-a0-665-g79b24d5 (webtiles) character file.

12509 Aksej the Grappler (level 11, -13/117 HPs)
             Began as a Troll Monk on June 16, 2016.
             Mangled by an orc warrior
             ... wielding a +0 halberd
              (24 damage)
             ... in a bailey.
             The game lasted 00:23:58 (9784 turns).

Aksej the Grappler (Troll Monk)                     Turns: 9784, Time: 00:23:58

Health: -13/117    AC: 13    Str: 24    XL:     11   Next: 63%
Magic:  10/10      EV: 14    Int:  6    God:
Gold:   466        SH:  0    Dex: 17    Spells: 0 memorised, 10 levels left

rFire  + + .     SeeInvis .     a - +0 halberd
rCold  . . .     Gourm    +     H - +1 robe {rF+}
rNeg   + . .     Faith    .     (shield currently unavailable)
rPois  .         Spirit   .     (helmet restricted)
rElec  .         Dismiss  .     j - +2 cloak
rCorr  .         Reflect  .     (gloves unavailable)
SustAt .         Harm     .     (boots unavailable)
MR     +....                    x - amulet of regeneration
Stlth  ++........               u - ring of Surprise {rN+ MR+ Str+3}
                                k - ring of protection from fire

@: very slightly contaminated, hasted, very quick, somewhat resistant to hostile
enchantments, unstealthy
A: unfitting armour, claws 3, iridescent scales 1, agile 1, fast metabolism 3,
gourmand, regeneration 3, shaggy fur 1, tough skin 2
a: no special abilities


You were in a bailey.
You were full.

You visited 1 branch of the dungeon, and saw 12 of its levels.
You also visited: Sewer, Ossuary and Bailey.

You collected 886 gold pieces.
You spent 420 gold pieces at shops.

Inventory:

Hand Weapons
 a - a +0 halberd (weapon)
Missiles
 l - 15 tomahawks (quivered)
 J - 6 large rocks
Armour
 j - a +2 cloak (worn)
 H - a +1 robe of fire resistance (worn)
Jewellery
 k - a ring of protection from fire (left claw)
 u - the ring of Surprise (right claw) {rN+ MR+ Str+3}
   (You acquired it on level 5 of the Dungeon)

   [ring of positive energy]

   It affects your strength (+3).
   It protects you from negative energy.
   It affects your resistance to hostile enchantments.
 x - an amulet of regeneration (around neck)
 G - an uncursed ring of protection from fire
Wands
 n - a wand of slowing (30/48)
 q - a wand of enslavement (6/24)
 s - a wand of lightning (9/15)
 w - a wand of polymorph (10/24)
 z - a wand of iceblast (6/15)
 D - a wand of random effects (14/48)
Scrolls
 i - 8 scrolls of remove curse
 m - 2 scrolls of amnesia
 r - 3 scrolls of fog
 y - a scroll of teleportation
 A - a scroll of magic mapping
 E - a scroll of brand weapon
 K - a scroll of fear
Potions
 c - 3 potions of cancellation
 d - 4 potions of flight
 e - a potion of haste
 o - a potion of resistance
 p - 4 potions of curing
 v - a potion of magic
 B - a potion of cure mutation
 L - a potion of lignification
Books
 C - a book of Geomancy

   Spells                             Type                      Level
   a - Sandblast                      Earth                        1
   b - Passwall                       Transmutation/Earth          2
   c - Stone Arrow                    Conjuration/Earth            3
   d - Petrify                        Transmutation/Earth          4
   e - Lee's Rapid Deconstruction     Earth                        5
 I - a book of the Earth

   Spells                             Type                      Level
   a - Leda's Liquefaction            Hexes/Earth                  4
   b - Bolt of Magma                  Conjuration/Fire/Earth       5
   c - Statue Form                    Transmutation/Earth          6
   d - Iron Shot                      Conjuration/Earth            6
   e - Shatter                        Earth                        9
Comestibles
 b - 11 bread rations
 f - 5 meat rations
 h - a beef jerky
 t - 2 slices of pizza


   Skills:
 * Level 10.0 Fighting
 + Level 7.3 Dodging
 + Level 3.1 Stealth
 * Level 12.1 Unarmed Combat


You had 10 spell levels left.
You didn't know any spells.

Dungeon Overview and Level Annotations

Branches:
Dungeon (12/15)            Temple (0/1) D:6            Lair (0/6) D:11
    Orc (0/2) D:10

Altars:
Cheibriados
Dithmenos
Elyvilon
Makhleb
Nemelex Xobeh
Okawaru
Qazlal
Trog
Xom
Yredelemnul

Shops:
D:7 :   D:8 =   D:10 (:   D:11 [


Innate Abilities, Weirdness & Mutations

You are too large for most types of armour.
You have claws for hands.
Your metabolism is lightning-fast.
You like to eat raw meat.
You regenerate.
You are covered in fur. (AC +1)
You have very tough skin. (AC +2)
You are partially covered in iridescent scales. (AC +4)
You are agile. (Dex +2)


Message History

The orc warrior is severely wounded.
The orc warrior hits you from afar with a halberd!
The orc warrior hits you from afar with a halberd!!
* * * LOW HITPOINT WARNING * * *
The orc closely misses you.
The orc warrior hits you from afar with a halberd!
* * * LOW HITPOINT WARNING * * *
You are too injured to fight recklessly!
You are too injured to fight recklessly!
You feel yourself speed up. The orc warrior closely misses you.
The orc barely misses you.
You are very lightly contaminated with residual magic.
Attack whom?
Press: ? - help, Dir - move target cursor, f/p - orc warrior
Aim: an orc warrior, wielding a halberd and wearing a plate armour (severely wounded)
You reach to attack!
You closely miss the orc warrior.
The orc warrior is severely wounded.
The orc warrior hits you but does no damage.
The orc warrior hits you from afar with a halberd!!
You die...

..≈≈≈.c≈≈≈≈≈# #####.......
....≈≈≈.≈≈≈≈#...##....≈≈≈≈≈≈≈
......≈.≈≈≈≈#...#.⌠.≈≈≈...)..
....⌠.≈≈.≈≈≈#...#..≈≈..≈≈≈≈≈≈
.......≈c≈≈≈#..⌠#.≈≈.≈≈≈.....
≈≈≈....≈≈.≈≈#..##.≈.≈≈.)≈≈≈≈≈
≈≈≈≈≈..(#####))#)≈≈.≈.≈≈≈...≈
≈≈≈≈≈≈....o.'..#.≈.≈≈.≈..⌠.⌠.
)≈≈≈≈≈....o.@..#)≈....≈..∩∩∩.
≈≈≈≈≈≈....o.'..#.≈.≈≈.≈..⌠.⌠.
≈≈≈≈≈...#####..#.≈≈.≈.≈≈≈...≈
≈≈≈....≈≈ #..##.≈.≈≈.)≈≈≈≈≈
.......≈c #..)#.≈≈.≈≈≈.....
....⌠.≈≈. #...#..≈≈..≈≈≈≈≈≈
.....≈. #...#.⌠.≈≈≈......
..≈≈ #...##....≈≈≈≈≈≈≈
#....#####.......


You could see 2 orc warriors and an orc.

Vanquished Creatures
  The ghost of Laan the Grappler, a journeyman TrMo of Makhleb (D:9)
  2 hill giants
  A manticore (D:11)
  An ugly thing (D:11)
  The ghost of Blunderbuss the Covert, a novice FeMo of Makhleb (D:6)
  A troll (D:10)
  2 wraiths (Ossuary)
  10 yaks (D:11)
  2 hungry ghosts
  A hippogriff (D:10)
  A warg (D:10)
  A water moccasin (D:6)
  Purgy (Sewer)
  3 ice beasts
  7 orc warriors
  3 sky beasts
  2 black bears
  7 ogres
  4 centaurs
  2 phantoms
  A big kobold (D:11)
  11 giant frogs
  A gnoll sergeant (D:8)
  5 scorpions
  18 killer bees
  8 wights
  4 crimson imps
  A centaur zombie (D:5)
  A quasit (D:10)
  8 hounds
  3 jellies
  Crazy Yiuf (D:7)
  5 centaur skeletons
  12 orc priests
  13 orc wizards
  A giant frog skeleton (D:9)
  An iron imp (D:9)
  2 iguanas
  8 worker ants
  A killer bee zombie (D:10)
  A mummy (D:4)
  3 hound skeletons
  9 gnolls
  A howler monkey skeleton (D:4)
  15 adders
  3 shadow imps
  An ooze (D:1)
  An adder zombie (D:9)
  An adder skeleton (D:4)
  A worm (D:3)
  2 dart slugs
  10 giant geckos
  60 orcs
  8 giant cockroaches
  7 goblins
  7 hobgoblins
  4 jackals
  6 quokkas
  5 ball pythons
  A ball python skeleton (Ossuary)
  13 bats
  5 giant newts
  A hobgoblin skeleton (Ossuary)
  3 hobgoblin zombies (Ossuary)
  10 kobolds
  2 kobold zombies (Ossuary)
  An orc skeleton (Ossuary)
  A quokka zombie (D:6)
  8 rats
348 creatures vanquished.

Notes
Turn   | Place    | Note
--------------------------------------------------------------
     0 | D:1      | Aksej the Troll Monk began the quest for the Orb.
     0 | D:1      | Reached XP level 1. HP: 22/22 MP: 0/0
    68 | D:1      | Reached XP level 2. HP: 28/29 MP: 1/1
   560 | D:1      | Reached XP level 3. HP: 36/36 MP: 2/2
  1854 | D:3      | Reached XP level 4. HP: 45/45 MP: 3/3
  1859 | D:3      | Reached skill level 5 in Unarmed Combat
  1871 | D:3      | Reached XP level 5. HP: 27/53 MP: 4/4
  2036 | D:3      | Found a glowing drain.
  2040 | Sewer    | Entered a sewer
  2075 | Sewer    | Noticed Purgy
  2084 | Sewer    | Killed Purgy
  2084 | Sewer    | Reached XP level 6. HP: 60/62 MP: 5/5
  2815 | D:4      | Reached skill level 6 in Unarmed Combat
  2964 | D:4      | Reached XP level 7. HP: 66/71 MP: 6/6
  3122 | D:4      | Found a sand-covered staircase.
  3130 | Ossuary  | Entered an ossuary
  3315 | Ossuary  | Noticed a flying skull
  3315 | Ossuary  | Noticed a wraith
  3321 | Ossuary  | Noticed a flying skull
  3339 | Ossuary  | Noticed a flying skull
  3348 | Ossuary  | Gained mutation: You are agile. (Dex +2) [potion of mutation]
  3348 | Ossuary  | Gained mutation: You are somewhat resistant to further mutation. [potion of mutation]
  3348 | Ossuary  | Gained mutation: You are very agile. (Dex +4) [potion of mutation]
  3351 | Ossuary  | Noticed a flying skull
  3361 | Ossuary  | Reached skill level 5 in Fighting
  3395 | Ossuary  | Noticed a wraith
  3401 | Ossuary  | Killed a wraith
  3432 | Ossuary  | Noticed a flying skull
  3435 | Ossuary  | Noticed a wraith
  3447 | Ossuary  | Killed a wraith
  3447 | Ossuary  | Reached skill level 7 in Unarmed Combat
  3447 | Ossuary  | Reached XP level 8. HP: 36/81 MP: 7/7
  3606 | D:4      | Found a sparkling altar of Nemelex Xobeh.
  3966 | D:5      | Entered Level 5 of the Dungeon
  4150 | D:5      | Reached skill level 8 in Unarmed Combat
  4455 | D:5      | Identified a scroll of acquirement
  4456 | D:5      | Got a translucent steel ring
  4457 | D:5      | Identified the ring of Surprise {rN+ MR+ Str+3} (You acquired it on level 5 of the Dungeon)
  4552 | D:6      | Reached XP level 9. HP: 58/92 MP: 8/8
  4658 | D:6      | Reached skill level 5 in Dodging
  4665 | D:6      | Reached skill level 9 in Unarmed Combat
  4829 | D:6      | Noticed Blunderbuss's ghost (novice FeMo)
  4852 | D:6      | Killed Blunderbuss's ghost
  5190 | D:6      | Found a shadowy altar of Dithmenos.
  5191 | D:6      | Found a bloodstained altar of Trog.
  5291 | D:6      | Found a staircase to the Ecumenical Temple.
  5386 | D:6      | Found an iron altar of Okawaru.
  5752 | D:7      | Noticed Crazy Yiuf
  5761 | D:7      | Reached skill level 10 in Unarmed Combat
  5772 | D:7      | Killed Crazy Yiuf
  5777 | D:7      | Reached XP level 10. HP: 102/104 MP: 9/9
  5894 | D:7      | Found Rygywe's Book Emporium.
  6011 | D:7      | Found a burning altar of Makhleb.
  6616 | D:8      | Found a stormy altar of Qazlal.
  6617 | D:8      | Found a shimmering altar of Xom.
  6814 | D:8      | Found Seumoleu's Jewellery Boutique.
  6837 | D:8      | Bought an uncursed amulet of regeneration for 420 gold pieces
  7009 | D:9      | Noticed Laan's ghost (journeyman TrMo)
  7036 | D:9      | Killed Laan's ghost
  7152 | D:9      | Reached skill level 11 in Unarmed Combat
  7360 | D:9      | Found a snail-covered altar of Cheibriados.
  7452 | D:9      | Found a basalt altar of Yredelemnul.
  7506 | D:9      | Found a white marble altar of Elyvilon.
  7775 | D:10     | Entered Level 10 of the Dungeon
  7781 | D:10     | Noticed a hill giant
  7788 | D:10     | Killed a hill giant
  7865 | D:10     | Reached XP level 11. HP: 77/115 MP: 10/10
  7991 | D:10     | Lost mutation: You are very agile. (Dex +4) [mutagenic meat]
  8018 | D:10     | Found a staircase to the Orcish Mines.
  8129 | D:10     | Found Goudam's Book Shop.
  8138 | D:10     | Found Nunyxaoc's Weapon Shop.
  8830 | D:11     | Noticed a hill giant
  8834 | D:11     | Killed a hill giant
  8860 | D:11     | Found a staircase to the Lair.
  8870 | D:11     | Found Mehiv's Armour Emporium.
  8886 | D:11     | Noticed a brown ugly thing
  8895 | D:11     | Killed a brown ugly thing
  8974 | D:11     | Lost mutation: You are somewhat resistant to further mutation. [mutagenic meat]
  8975 | D:11     | Gained mutation: You are surrounded by a mild repulsion field. (EV +2) [mutagenic meat]
  9102 | D:11     | Reached skill level 12 in Unarmed Combat
  9150 | D:11     | Reached skill level 10 in Fighting
  9192 | D:11     | Gained mutation: You regenerate. [mutagenic meat]
  9193 | D:11     | Lost mutation: You are surrounded by a mild repulsion field. (EV +2) [mutagenic meat]
  9194 | D:11     | Gained mutation: You are partially covered in iridescent scales. (AC +4) [mutagenic meat]
  9487 | D:12     | Found a flagged portal.
  9549 | Bailey   | Entered a bailey
  9784 | Bailey   | Mangled by an orc warrior

Vault maps used:
D:1:      sevenhm_arrival_forest_fort_small_5
D:2:      minivault_11
D:3:      first_bread, gup_sewer_entry_spiral
D:4:      nicolae_overflow_crystal_walls, gup_ossuary_entry_pyramid,
          minmay_crystal_room
D:5:      minmay_joined_circles
D:6:      marbit_many_paths, gammafunk_temple_overflow_statue,
          minmay_temple_entry_crystal_x
D:7:      kennysheep_mini, serial_shops, shop, uniq_crazy_yiuf_cottage
D:8:      gammafunk_temple_overflow_pools, serial_shops,
          nicolae_shop_competitors_out_of_business
D:9:      kennysheep_ying_yang, slow_altar_2
D:10:     erik_orc_4, serial_shops, nicolae_shop_window_shopping, shop
D:11:     dpeg_oklobed_lair, serial_shops, nicolae_shop_statue_plus
D:12:     enter_bailey_2
Sewer:    sewer_big_baddie
Ossuary:  ossuary_due_cavern
Bailey:   bailey_polearm_flooded_kennysheep, bailey

Skill      XL: |  1  2  3  4  5  6  7  8  9 10 11 |
---------------+----------------------------------+-----
Fighting       | 3 4 5 6 8 9 10 | 10.0
Unarmed Combat | 5 6 7 8 10 11 12 | 12.1
Dodging        | 3 4 5 6 7 |  7.3
Stealth        | 2 3 |  3.1

Action                   |  1- 3 |  4- 6 |  7- 9 | 10-12 || total
-------------------------+-------+-------+-------+-------++-------
Melee: Unarmed           |    90 |   153 |   344 |   394 ||   981
       Punch             |     1 |     5 |     8 |    40 ||    54
       Halberd           |       |       |       |    79 ||    79
  Use: Scroll            |    11 |     2 |    11 |    12 ||    36
       Potion            |       |       |     8 |     2 ||    10
 Stab: Sleeping          |     3 |     1 |     3 |     4 ||    11
       Distracted        |       |       |     1 |       ||     1
  Eat: Chunk             |    22 |    11 |    26 |    47 ||   106
Armor: Robe              |    27 |    59 |    58 |   162 ||   306
Dodge: Dodged            |    34 |    83 |   192 |   349 ||   658
